[Event "Team 45 45 League T47"]
[Site "Internet Chess Club"]
[Date "2010.11.21"]
[Round "3"]
[White "dpmdpm"]
[Black "Cicero"]
[Result "0-1"]
[WhiteElo "1350"]
[BlackElo "1333"]
[Opening "Sicilian: accelerated fianchetto, Maróczy bind"]
[ECO "B36"]
[Time "13:00:08"]
[TimeControl "2700+45"]

1. e4 c5 2. Nf3 g6 3. d4 cxd4 4. Nxd4 Nc6 5. c4 Nf6 6. Nxc6 bxc6 7. Nc3 d6 8.
Be2 Bg7 9. Be3 O-O 10. f3 Bb7 11. O-O e6 12. Qd2 d5 13. cxd5 cxd5 14. exd5 exd5
15. Rfd1 Qa5 16. Rac1 Rfd8 17. b3 Nd7 18. Na4 Qxd2 19. Rxd2 d4 20. Bf4 Nf8 21.
Nc5 Bc8 22. Rcd1 Be6 23. b4 Rd5 24. g4 f5 25. Bc4 Rxc5 26. Bxe6+ Nxe6 27. bxc5
Nxf4 28. Rc2 d3 29. Rc4 Bd4+ 30. Kf1 Be5 31. c6 Nd5 32. Kf2 Nf4 33. Rc5 Bd4+
{White resigns} 0-1

[Event "Team 45 45 League T47"]
[Site "Internet Chess Club"]
[Date "2010.11.20"]
[Round "3"]
[White "DARKwizard1"]
[Black "bshribharath"]
[Result "1-0"]
[WhiteElo "2125"]
[BlackElo "1753"]
[Opening "Scotch gambit"]
[ECO "C44"]
[Time "09:27:22"]
[TimeControl "2700+45"]

1. e4 e5 2. Nf3 Nc6 3. d4 exd4 4. Bc4 Bc5 5. c3 d3 6. Qxd3 Nge7 7. b4 Bb6 8. O-O
O-O 9. Bb3 d6 10. Nbd2 Kh8 11. Ng5 Ne5 12. Qg3 h6 13. Ngf3 N7g6 14. Nc4 Nxc4 15.
Bxc4 Qe7 16. Re1 Ne5 17. Bf1 f5 18. Nxe5 dxe5 19. exf5 Bxf5 20. Rxe5 Bxf2+ 21.
Kxf2 Qf6 22. Be2 Bg4+ 23. Bf3 Qg6 24. Kg1 Rad8 25. Bxh6 Qxh6 26. Qxg4 Qd2 27.
Rf1 Rde8 28. Qh5+ Qh6 29. Rxe8 {Black resigns} 1-0

[Event "Team 45 45 League T47"]
[Site "Internet Chess Club"]
[Date "2010.11.22"]
[Round "3"]
[White "JeeniousChess"]
[Black "ferrari9182"]
[Result "1-0"]
[WhiteElo "1716"]
[BlackElo "1965"]
[Opening "Benoni: four pawns attack, main line"]
[ECO "A69"]
[Time "20:00:07"]
[TimeControl "2700+45"]

1. d4 Nf6 2. c4 g6 3. Nc3 Bg7 4. e4 d6 5. f4 O-O 6. Nf3 c5 7. d5 e6 8. Be2 exd5
9. cxd5 Re8 10. Nd2 a6 11. a4 Nbd7 12. O-O Rb8 13. Kh1 Nf8 14. a5 h5 15. f5 N8h7
16. fxg6 fxg6 17. Nc4 Nxe4 18. Nxe4 Rxe4 19. Bd3 Rg4 20. Bf4 Bf8 21. Qc2 Qf6 22.
Bxd6 Qxd6 23. Nxd6 Bxd6 24. Bxg6 Nf8 25. Bf7+ Kh8 26. Bxh5 Rh4 27. Qc3+ Kg8 28.
Rxf8+ Kxf8 29. Qh8+ Ke7 30. Re1+ Kd7 31. Qg7+ Kd8 32. Re8# {Black checkmated}
1-0

[Event "Team 45 45 League T47"]
[Site "Internet Chess Club"]
[Date "2010.11.23"]
[Round "3"]
[White "kidviper"]
[Black "Salvatore"]
[Result "1-0"]
[WhiteElo "2009"]
[BlackElo "1659"]
[Opening "Queen's pawn game, Darooha variation "]
[ECO "D02"]
[Time "18:32:23"]
[TimeControl "2700+45"]

1. d4 Nf6 2. Nf3 d5 3. c4 Bg4 4. Bg5 Ne4 5. Bf4 e6 6. Ne5 Bh5 7. a3 Bd6 8. cxd5
exd5 9. Qb3 O-O 10. Nc3 Nxc3 11. bxc3 Bxe5 12. Bxe5 Nc6 13. Bg3 Na5 14. Qa4 c6
15. e3 b5 16. Qc2 Re8 17. a4 a6 18. Bd3 Bg6 19. Bxg6 fxg6 20. O-O Nc4 21. Rfe1
Re4 22. Qd3 Qe8 23. Bf4 bxa4 24. Qc2 a3 25. Reb1 Qe7 26. Qa4 Qd7 27. Rb3 Qe6 28.
f3 Rxe3 29. Bxe3 Qxe3+ 30. Kh1 Re8 31. Rbb1 Nd2 32. Rg1 h5 33. Qxc6 Re6 34. Qxd5
Kh7 35. Qd8 Qxc3 36. Rac1 Qe3 37. Rc8 Kh6 38. Qh8+ Kg5 39. Rc5+ Kh4 40. g3+ Kh3
41. Rxh5+ gxh5 42. Qxh5# {Black checkmated} 1-0

[Event "Team 45 45 League T47"]
[Site "Internet Chess Club"]
[Date "2010.11.21"]
[Round "3"]
[White "hcube"]
[Black "kwameh72"]
[Result "1-0"]
[WhiteElo "1621"]
[BlackElo "1709"]
[Opening "Dutch with c4 & Nc3"]
[ECO "A85"]
[Time "11:28:47"]
[TimeControl "2700+45"]

1. d4 f5 2. c4 Nf6 3. Nc3 e6 4. Nf3 Be7 5. Bf4 d6 6. g3 O-O 7. Bg2 Nh5 8. Bd2
Nc6 9. O-O e5 10. d5 e4 11. dxc6 exf3 12. Bxf3 f4 13. cxb7 Bxb7 14. Bxb7 Rb8 15.
Bf3 fxg3 16. fxg3 Nxg3 17. hxg3 Bh4 18. Bd5+ Kh8 19. Rxf8+ Qxf8 20. gxh4 Qf6 21.
Bg5 Qe5 22. Qf1 Qd4+ 23. Qf2 Qg4+ 24. Qg2 Qd4+ 25. e3 Qe5 26. Bf4 Qf6 27. Qg5
Qf8 28. Rf1 Rxb2 29. Be5 {Black resigns} 1-0

[Event "Team 45 45 League T47"]
[Site "Internet Chess Club"]
[Date "2010.11.21"]
[Round "3"]
[White "LukeOZade"]
[Black "MeanMrMustard"]
[Result "1-0"]
[WhiteElo "1800"]
[BlackElo "1817"]
[Opening "French: Burn variation"]
[ECO "C11"]
[Time "12:00:21"]
[TimeControl "2700+45"]

1. e4 e6 2. d4 d5 3. Nc3 Nf6 4. Bg5 dxe4 5. Nxe4 Be7 6. Nxf6+ Bxf6 7. Bxf6 Qxf6
8. Nf3 O-O 9. Bd3 c5 10. O-O Nc6 11. dxc5 Qxb2 12. Ng5 h6 13. Ne4 Qd4 14. c3 Qe5
15. Re1 Qc7 16. Re3 f5 17. Nd6 e5 18. Qh5 e4 19. Bc4+ Kh7 20. Rg3 Ne5 21. Rd1 g6
22. Qh4 Nxc4 23. Nxc4 f4 24. Rxg6 Kxg6 25. Rd6+ Qxd6 26. cxd6 Be6 27. Ne5+ Kh7
28. Qe7+ {Black resigns} 1-0

[Event "Team 45 45 League T47"]
[Site "Internet Chess Club"]
[Date "2010.11.21"]
[Round "3"]
[White "byebyebadman"]
[Black "chessateer"]
[Result "1/2-1/2"]
[WhiteElo "1852"]
[BlackElo "1862"]
[Opening "Petrov: Nimzovich attack"]
[ECO "C42"]
[Time "05:05:56"]
[TimeControl "2700+45"]

1. e4 e5 2. Nf3 Nf6 3. Nxe5 d6 4. Nf3 Nxe4 5. Nc3 Nxc3 6. dxc3 Be7 7. Bf4 O-O 8.
Qd2 Bg4 9. O-O-O Bxf3 10. gxf3 Nd7 11. Rg1 Re8 12. Bd3 Bf6 13. Rg3 Ne5 14. Bxe5
dxe5 15. Qh6 Kf8 16. Qxh7 Bg5+ 17. Kb1 Qf6 18. Rdg1 Bh6 19. h4 Rad8 20. h5 a6
21. Qe4 b5 22. Rg4 c5 23. c4 Rd4 24. Qb7 b4 25. Ka1 Rxg4 26. fxg4 e4 27. Bxe4
Qxf2 28. Rb1 Bg5 29. Bd5 Be7 30. g5 Bxg5 31. Qxa6 Qxc2 32. Qd6+ Be7 33. Qg3 Bf6
34. h6 gxh6 35. Qd6+ Kg7 36. Rg1+ Bg5 37. Qxc5 Qd2 38. a3 b3 39. Qb4 Qxb4 40.
axb4 Re7 41. c5 f5 42. Bxb3 Kf6 43. Bc4 Bd2 44. Rh1 Bxb4 45. Rxh6+ Ke5 46. c6 f4
47. Ka2 f3 48. Kb3 Bc5 49. Kc3 f2 50. b4 Bb6 51. b5 Rf7 52. Rh1 Rf3+ 53. Kd2 Kd6
54. Rh6+ Kc7 55. Rh7+ Kd6 56. Bf1 Rb3 57. Rd7+ Ke5 58. Rb7 Ba5+ 59. Ke2 Rb2+ 60.
Kf3 Kd6 61. Rd7+ Ke6 62. Bh3+ Ke5 63. Bf1 Ke6 64. Rb7 Kd6 65. Rd7+ Ke6 66. Bc4+
Ke5 67. c7 f1=Q+ 68. Bxf1 Rc2 69. Re7+ Kd6 {Game drawn by mutual agreement}
1/2-1/2

[Event "Team 45 45 League T47"]
[Site "Internet Chess Club"]
[Date "2010.11.22"]
[Round "3"]
[White "OxidisedLizard"]
[Black "werty"]
[Result "1-0"]
[WhiteElo "1845"]
[BlackElo "1562"]
[Opening "French: Rubinstein variation"]
[ECO "C03"]
[Time "14:30:20"]
[TimeControl "2700+45"]

1. e4 e6 2. d4 d5 3. Nd2 dxe4 4. Nxe4 Nd7 5. Nf3 Ngf6 6. Nxf6+ Nxf6 7. Bg5 Be7
8. c4 O-O 9. Be2 c5 10. O-O cxd4 11. Qc2 b6 12. Rfd1 Qc7 13. Rxd4 Bb7 14. Rh4 h6
15. Bxh6 gxh6 16. Qd2 h5 17. Qg5+ Kh8 18. Bd3 Nh7 19. Qxh5 {Black resigns} 1-0

[Event "Team 45 45 League T47"]
[Site "Internet Chess Club"]
[Date "2010.11.22"]
[Round "3"]
[White "chiiwen"]
[Black "bobhill"]
[Result "1-0"]
[WhiteElo "2200"]
[BlackElo "1997"]
[Opening "Sicilian: dragon variation"]
[ECO "B70"]
[Time "23:01:19"]
[TimeControl "2700+45"]

1. e4 c5 2. Nf3 d6 3. d4 cxd4 4. Nxd4 Nf6 5. Nc3 g6 6. Be2 Bg7 7. O-O O-O 8. Kh1
Nc6 9. Nb3 Be6 10. f4 a6 11. Bf3 Rc8 12. Be3 b5 13. Qd2 Bg4 14. a3 Bxf3 15. Rxf3
Ng4 16. Bg1 e5 17. f5 Bh6 18. Qe2 Nf6 19. Rd1 Qe7 20. Nd5 Nxd5 21. Rxd5 f6 22.
Rh3 Bg7 23. Qg4 g5 24. Qh5 h6 25. c3 Rfd8 26. Bb6 Rd7 27. Rhd3 Rb7 28. Bf2 Bf8
29. Qe2 Qf7 30. Qd1 a5 31. h3 a4 32. Nc1 Na5 33. Qe2 Nc4 34. Na2 Qe8 35. Nb4 h5
36. Rd1 Rh7 37. R5d3 Kh8 38. Nd5 Qf7 39. Nb6 Nxb6 40. Bxb6 g4 41. Kg1 Qb7 42.
Bf2 Rc4 43. Re1 gxh3 44. Rxh3 Qf7 45. Rd1 Qe8 46. Rd5 Be7 47. Rh4 Kg8 48. Rd3
Kh8 49. Rdh3 Kg8 50. Qf3 Bf8 51. Rg3+ Bg7 52. Rg6 d5 53. exd5 Rxh4 54. Bxh4 Kf7
55. Qe4 Qd7 56. Bf2 Bh6 57. Rg3 Bf4 58. Rd3 h4 59. d6 Rh5 60. Qd5+ Kg7 61. Qe6
Qb7 62. d7 Rg5 63. Qe7+ Kh6 64. Qxf6+ Kh5 65. Qh8+ Kg4 66. d8=Q Kxf5 67. Qc8+
Qxc8 68. Qxc8+ Ke4 69. Rd1 h3 70. Re1+ Be3 71. Rxe3+ Kf4 72. Rf3+ {Black
resigns} 1-0

[Event "Team 45 45 League T47"]
[Site "Internet Chess Club"]
[Date "2010.11.19"]
[Round "3"]
[White "bgolev"]
[Black "AronT"]
[Result "0-1"]
[WhiteElo "1831"]
[BlackElo "2064"]
[Opening "Nimzo-Indian: classical variation"]
[ECO "E32"]
[Time "20:03:26"]
[TimeControl "2700+45"]

1. d4 Nf6 2. c4 e6 3. Nc3 Bb4 4. Qc2 O-O 5. Nf3 c5 6. e3 Nc6 7. Bd3 cxd4 8. exd4
d5 9. c5 Re8 10. O-O e5 11. Bb5 e4 12. Bxc6 bxc6 13. Ne5 Re6 14. Ne2 Ba6 15. Nf4
Bxf1 16. Nxe6 fxe6 17. Nxc6 Bd3 18. Nxd8 Bxc2 19. Nxe6 Ba4 20. Bf4 Ba5 21. b3
Bd7 22. Nc7 Rc8 23. Na6 Bb5 24. b4 Bxa6 25. bxa5 Bc4 26. Rb1 a6 27. Rb6 Nd7 28.
Rb7 Bb5 29. h3 Kf8 30. g4 Ke8 31. Kg2 h6 32. h4 Kf8 33. Kg3 Kg8 34. Kg2 Kh7 35.
h5 Kg8 36. Kg3 Kf7 37. Kg2 Ke6 38. Kg3 Kf7 39. Kg2 Kf6 40. Kg3 g5 41. hxg6 Kxg6
42. Kh4 Rf8 43. Kg3 h5 {White forfeits on time} 0-1

[Event "Team 45 45 League T47"]
[Site "Internet Chess Club"]
[Date "2010.11.24"]
[Round "3"]
[White "Atlantis"]
[Black "Beddathanme"]
[Result "1/2-1/2"]
[WhiteElo "1743"]
[BlackElo "1817"]
[Opening "Benoni: classical, 9.O-O"]
[ECO "A73"]
[Time "16:00:35"]
[TimeControl "2700+45"]

1. d4 Nf6 2. c4 c5 3. d5 e6 4. Nc3 exd5 5. cxd5 d6 6. e4 g6 7. Nf3 Bg7 8. Be2
O-O 9. O-O Bg4 10. h3 Bxf3 11. Bxf3 Nbd7 12. Be2 a6 13. a4 Re8 14. Bd3 Ne5 15.
Re1 Rb8 16. Bg5 Qb6 17. Rb1 Nfd7 18. Be3 Qd8 19. Bf1 Nf6 20. Bg5 {Game drawn by
mutual agreement} 1/2-1/2

[Event "Team 45 45 League T47"]
[Site "Internet Chess Club"]
[Date "2010.11.21"]
[Round "3"]
[White "Beetlejuice"]
[Black "Tobiasdelmonte"]
[Result "0-1"]
[WhiteElo "1824"]
[BlackElo "1972"]
[Opening "Catalan: closed, 6...Nbd7"]
[ECO "E07"]
[Time "10:00:28"]
[TimeControl "2700+45"]

1. d4 Nf6 2. c4 e6 3. g3 d5 4. Nf3 Nbd7 5. Bg2 Be7 6. O-O O-O 7. b3 b6 8. cxd5
exd5 9. Nc3 Bb7 10. Bb2 Re8 11. Rc1 c5 12. e3 Rc8 13. Ne5 cxd4 14. exd4 Bd6 15.
Nxd7 Qxd7 16. Qd3 h6 17. Rfe1 Re7 18. Rcd1 Rce8 19. Kf1 Bb4 20. a3 Rxe1+ 21.
Rxe1 Rxe1+ 22. Kxe1 Qe7+ 23. Kd1 Bxa3 24. Kc2 Bb4 25. Ne2 Qc7+ 26. Kd1 Qc8 27.
h3 Ba6 28. Qf3 Qe6 29. Bc1 Qc6 30. Bb2 Qb5 31. Nf4 Ne4 32. Kc2 Qc6+ 33. Kd1 f5
34. g4 g5 35. Ne2 Bd3 {White resigns} 0-1

[Event "Team 45 45 League T47"]
[Site "Internet Chess Club"]
[Date "2010.11.20"]
[Round "3"]
[White "SlimeDog2"]
[Black "Ptzz"]
[Result "1-0"]
[WhiteElo "2131"]
[BlackElo "2076"]
[Opening "QGD Slav: 4.Nc3"]
[ECO "D15"]
[Time "16:09:37"]
[TimeControl "2700+45"]

1. d4 d5 2. c4 c6 3. Nf3 Nf6 4. Nc3 a6 5. e3 b5 6. b3 Bg4 7. h3 Bxf3 8. gxf3 e6
9. c5 Nbd7 10. f4 Be7 11. Bd3 b4 12. Ne2 Ne4 13. a3 a5 14. Bxe4 dxe4 15. Qc2 Nf6
16. Ng3 bxa3 17. Nxe4 Qd5 18. f3 O-O 19. Rxa3 Rfb8 20. Bd2 Bd8 21. O-O Nxe4 22.
Qxe4 f5 23. Qxd5 exd5 24. Rfa1 Kf7 25. Kf2 a4 26. Ke2 Kg6 27. Rxa4 Rxa4 28. Rxa4
Rxb3 29. Ra6 Kh5 30. Rxc6 Kh4 31. Rd6 Bf6 32. Rxd5 Kxh3 33. Rxf5 Rb2 34. Rh5+
{Black resigns} 1-0

[Event "Team 45 45 League T47"]
[Site "Internet Chess Club"]
[Date "2010.11.22"]
[Round "3"]
[White "Jack-ONeill"]
[Black "chsrules88"]
[Result "0-1"]
[WhiteElo "1985"]
[BlackElo "2037"]
[Opening "Ruy Lopez: Schliemann defense"]
[ECO "C63"]
[Time "12:00:28"]
[TimeControl "2700+45"]

1. e4 e5 2. Nf3 Nc6 3. Bb5 f5 4. d3 fxe4 5. dxe4 Nf6 6. O-O Bc5 7. Qd3 d6 8. Qc4
Bd7 9. Nc3 Qe7 10. Nd5 Nxd5 11. exd5 Nd4 12. Bxd7+ Qxd7 13. Nxd4 Bxd4 14. a4 a5
15. Be3 Bxe3 16. fxe3 Rf8 17. Qh4 g6 18. Rxf8+ Kxf8 19. Qf6+ Kg8 20. Rf1 Re8 21.
e4 Qe7 22. Qxe7 Rxe7 23. Rf3 Rf7 24. Kf2 Rxf3+ 25. Kxf3 Kf7 26. h4 Kf6 27. Kg4
h6 28. g3 Ke7 29. Kf3 c6 30. c4 Kd7 31. Kg4 Ke7 32. Kf3 h5 33. Ke3 Kd7 34. Kd3
Kc7 35. Kc3 Kb6 36. b4 axb4+ 37. Kxb4 cxd5 38. a5+ Ka6 39. exd5 b6 40. axb6 Kxb6
41. c5+ dxc5+ 42. Kc3 Kc7 {White resigns} 0-1

[Event "Team 45 45 League T47"]
[Site "Internet Chess Club"]
[Date "2010.11.22"]
[Round "3"]
[White "zap2"]
[Black "Despair"]
[Result "0-1"]
[WhiteElo "1852"]
[BlackElo "1975"]
[Opening "Réti opening"]
[ECO "A05"]
[Time "03:32:19"]
[TimeControl "2700+45"]

1. Nf3 Nf6 2. g3 d5 3. Bg2 g6 4. O-O Bg7 5. d3 Nc6 6. Nbd2 O-O 7. e4 Bg4 8. h3
Bxf3 9. Bxf3 Qd7 10. Kh2 Nd4 11. Bg2 dxe4 12. dxe4 Rab8 13. c3 Nc6 14. Qe2 Rfd8
15. Nb3 Qe8 16. f4 e6 17. Be3 e5 18. f5 b6 19. fxg6 hxg6 20. Bg5 Rd6 21. Rad1
Rxd1 22. Rxd1 Qe6 23. g4 a5 24. Bxf6 Bxf6 25. Qb5 Bg5 26. Bf1 Bf4+ 27. Kg2 Qf6
28. Rd7 Be3 29. Qe2 Bg5 30. Qf3 Qe6 31. Rxc7 Bd8 32. Rxc6 Qxc6 33. Nd2 Bg5 34.
Nc4 f6 35. Qd3 Rc8 36. Be2 Kf8 37. Kf3 Ke7 38. Ne3 Rh8 39. Kg2 Bxe3 40. Qxe3 Qc5
41. Qxc5+ bxc5 42. Bc4 Rd8 43. Bd5 f5 44. gxf5 gxf5 45. Kf3 fxe4+ 46. Kxe4 Kd6
47. b4 axb4 48. cxb4 cxb4 49. Bc4 Rh8 50. Bf1 Rf8 51. Bc4 Rf2 52. Ke3 Rh2 53.
Ke4 Rxh3 54. Bb3 Rh4+ 55. Kd3 e4+ 56. Kd4 Kc6 57. Bd5+ Kb5 58. Bxe4 Ka4 59. Ke3
Rxe4+ 60. Kxe4 Ka3 61. Kd3 Kxa2 {White resigns} 0-1

[Event "Team 45 45 League T47"]
[Site "Internet Chess Club"]
[Date "2010.11.21"]
[Round "3"]
[White "VietLion"]
[Black "Constrictor"]
[Result "1-0"]
[WhiteElo "1889"]
[BlackElo "1684"]
[Opening "Budapest: Rubinstein variation"]
[ECO "A52"]
[Time "15:30:13"]
[TimeControl "2700+45"]

1. d4 Nf6 2. c4 e5 3. dxe5 Ng4 4. Bf4 Nc6 5. Nf3 Bb4+ 6. Nbd2 Qe7 7. e3 Ngxe5 8.
Nxe5 Nxe5 9. Be2 O-O 10. O-O a5 11. Nb3 a4 12. a3 Ba5 13. Qd5 axb3 14. Qxe5 Qxe5
15. Bxe5 d6 16. Bf4 Bf5 17. Bf3 Rab8 18. e4 Be6 19. Rac1 Bb6 20. Rfd1 Bc5 21.
Be2 c6 22. Bxd6 Bxd6 23. Rxd6 Rfd8 24. Rcd1 Kf8 25. Rxd8+ {Black resigns} 1-0

[Event "Team 45 45 League T47"]
[Site "Internet Chess Club"]
[Date "2010.11.22"]
[Round "3"]
[White "justice02"]
[Black "rubo"]
[Result "1/2-1/2"]
[WhiteElo "1615"]
[BlackElo "1707"]
[Opening "Caro-Kann: classical variation"]
[ECO "B18"]
[Time "22:00:42"]
[TimeControl "2700+45"]

1. e4 c6 2. d4 d5 3. Nc3 dxe4 4. Nxe4 Bf5 5. Ng3 Bg6 6. Nf3 Nd7 7. Nh4 e6 8.
Nxg6 hxg6 9. Bd3 Bd6 10. Qe2 Ngf6 11. a3 Qb6 12. c3 O-O-O 13. Bg5 Rde8 14. O-O
Qa5 15. Bd2 Qc7 16. Qf3 e5 17. Rfe1 e4 18. Bxe4 Nxe4 19. Nxe4 Bxh2+ 20. Kf1 f5
21. Ng5 Bd6 22. Rxe8+ Rxe8 23. g3 Nf6 24. Re1 Rxe1+ 25. Bxe1 Qe7 26. Bd2 Ne4 27.
Nxe4 Qxe4 28. Qxe4 fxe4 29. Ke2 Be7 30. Bf4 Kd7 31. Ke3 g5 32. Be5 Bf6 33. Kxe4
Ke6 34. c4 Bxe5 35. dxe5 a5 36. b3 b6 37. g4 g6 38. f4 gxf4 39. Kxf4 b5 40. g5
a4 41. bxa4 bxa4 42. Ke4 c5 43. Kf4 Kf7 44. Kf3 Ke7 45. Ke3 Kf7 46. Kf3 Ke7 47.
Kf4 Kf7 48. e6+ Kxe6 49. Ke4 Kd6 50. Kf4 Ke6 51. Ke4 Kd6 52. Kf4 {Game drawn by
mutual agreement} 1/2-1/2

[Event "Team 45 45 League T47"]
[Site "Internet Chess Club"]
[Date "2010.11.19"]
[Round "3"]
[White "Portola"]
[Black "sbaker831"]
[Result "1/2-1/2"]
[WhiteElo "1771"]
[BlackElo "1591"]
[Opening "Queen's pawn game, Darooha variation "]
[ECO "D02"]
[Time "18:30:19"]
[TimeControl "2700+45"]

1. d4 Nf6 2. Nf3 d5 3. Nc3 Nbd7 4. Bg5 g6 5. e3 Bg7 6. Be2 O-O 7. O-O c5 8. Re1
a6 9. a4 b6 10. Bh4 Bb7 11. Bf1 h6 12. h3 Re8 13. Bg3 cxd4 14. exd4 e6 15. Bd3
Nh7 16. Qd2 Ng5 17. Nxg5 hxg5 18. Be5 Nxe5 19. dxe5 d4 20. Ne4 Qd5 21. f3 Bxe5
22. Qxg5 Bg7 23. Nf6+ Bxf6 24. Qxf6 Qd8 25. Qf4 Rc8 26. Kf2 Kg7 27. Qe5+ Qf6 28.
Qxf6+ Kxf6 29. Ra3 Bd5 30. Raa1 Red8 31. Rac1 Bc4 32. f4 b5 33. axb5 axb5 34.
Be4 Bd5 35. Bd3 Bc4 36. Be4 Bd5 37. Bd3 Bc4 {Game drawn by repetition} 1/2-1/2

[Event "Team 45 45 League T47"]
[Site "Internet Chess Club"]
[Date "2010.11.22"]
[Round "3"]
[White "ScotchYeti"]
[Black "g8wrb"]
[Result "1-0"]
[WhiteElo "1665"]
[BlackElo "1396"]
[Opening "French defense"]
[ECO "C00"]
[Time "15:01:11"]
[TimeControl "2700+45"]

1. e4 e6 2. Nf3 Nf6 3. Nc3 d5 4. e5 Nfd7 5. d4 c5 6. dxc5 Bxc5 7. Bd3 Nc6 8. Bf4
O-O 9. Bxh7+ Kxh7 10. Ng5+ Kg6 11. Qd3+ f5 12. Nxe6 Qh4 13. Bg3 Qc4 14. Nxf8+
Nxf8 15. Qxd5 Qxd5 16. Nxd5 Be6 17. Nf4+ Kf7 18. Nxe6 Kxe6 19. O-O-O Ng6 20. f4
Be3+ 21. Kb1 Rd8 22. Rxd8 Nxd8 23. Rd1 Nf7 24. Rf1 Nfxe5 25. fxe5 Nxe5 26. Bxe5
Kxe5 27. Rf3 Ke4 28. c4 g5 29. h3 g4 30. hxg4 fxg4 31. Rf7 Kd4 32. b3 Kc3 33.
Rxb7 g3 34. Rg7 Bf2 35. Rg5 Kb4 36. Rb5+ Ka3 37. c5 a6 38. c6 Bb6 39. Rxb6 a5
40. c7 a4 41. bxa4 Kxa4 42. c8=Q Ka5 43. Qa6# {Black checkmated} 1-0

[Event "Team 45 45 League T47"]
[Site "Internet Chess Club"]
[Date "2010.11.21"]
[Round "3"]
[White "AtomicDog"]
[Black "farbror"]
[Result "1-0"]
[WhiteElo "1607"]
[BlackElo "1227"]
[Opening "French: Rubinstein variation"]
[ECO "C10"]
[Time "12:00:21"]
[TimeControl "2700+45"]

1. e4 e6 2. d4 d5 3. Nc3 dxe4 4. Nxe4 Bd7 5. Bd3 Bc6 6. Nf3 Nd7 7. O-O Ngf6 8.
Nxf6+ Nxf6 9. Ne5 Qxd4 10. Nxf7 Qd5 11. f3 Kxf7 12. Kh1 Rd8 13. Qe2 Bd6 14. f4
g6 15. b3 Ke7 16. Bb2 Rhg8 17. Rae1 Bd7 18. Bc4 Qf5 19. Be5 Rde8 20. Bd3 Qg4 21.
Bxf6+ Kxf6 22. Qxg4 {Black resigns} 1-0

[Event "Team 45 45 League T47"]
[Site "Internet Chess Club"]
[Date "2010.11.20"]
[Round "3"]
[White "ice-cream"]
[Black "Monsieur"]
[Result "1-0"]
[WhiteElo "1784"]
[BlackElo "1565"]
[Opening "Latvian counter-gambit"]
[ECO "C40"]
[Time "22:00:30"]
[TimeControl "2700+45"]

1. e4 e5 2. Nf3 f5 3. Nxe5 Qe7 4. d4 d6 5. Qh5+ g6 6. Nxg6 Qxe4+ 7. Be3 Nf6 8.
Qh4 Qxc2 9. Nxh8 Qxb2 10. Qxf6 Qxa1 11. Qf7+ Kd8 12. Bg5+ {Black resigns} 1-0

[Event "Team 45 45 League T47"]
[Site "Internet Chess Club"]
[Date "2010.11.21"]
[Round "3"]
[White "rainden"]
[Black "BotanicalKnight"]
[Result "0-1"]
[WhiteElo "1534"]
[BlackElo "1592"]
[Opening "Caro-Kann: exchange variation"]
[ECO "B13"]
[Time "18:00:54"]
[TimeControl "2700+45"]

1. e4 c6 2. d4 d5 3. exd5 cxd5 4. Nf3 Bg4 5. Be2 Nc6 6. h3 Bh5 7. c4 Nf6 8. Nc3
dxc4 9. Bxc4 e6 10. O-O Be7 11. Re1 O-O 12. Bb3 Nxd4 13. g4 Nxb3 14. Qxb3 Bg6
15. Ne5 Bd6 16. Bf4 Bxe5 17. Bxe5 Qb6 18. Qxb6 axb6 19. Bxf6 gxf6 20. Ne2 Rfd8
21. Nf4 Rd2 22. b3 Raxa2 23. Rxa2 Rxa2 24. Rc1 Be4 25. Nh5 Bc6 26. Nxf6+ Kg7 27.
Nh5+ Kg6 28. Nf4+ Kg5 29. Nd3 Rd2 30. Nb4 Bf3 31. Rc7 Rd1+ 32. Kh2 Kh4 33. Rc1
Rxc1 34. Nd3 Rh1# {White checkmated} 0-1

[Event "Team 45 45 League T47"]
[Site "Internet Chess Club"]
[Date "2010.11.23"]
[Round "3"]
[White "vollmerj"]
[Black "JosephZ"]
[Result "1-0"]
[WhiteElo "1639"]
[BlackElo "1419"]
[Opening "Two knights defense"]
[ECO "C55"]
[Time "19:27:38"]
[TimeControl "2700+45"]

1. e4 e5 2. Nf3 Nc6 3. Bc4 Nf6 4. O-O d6 5. d4 Bg4 6. dxe5 dxe5 7. Qxd8+ Rxd8 8.
Ng5 Rd7 9. f3 Bh5 10. Nc3 h6 11. Nh3 Bc5+ 12. Kh1 O-O 13. Nd5 Kh7 14. Nxf6+ gxf6
15. c3 a6 16. b4 Be7 17. Ba3 b5 18. Bd5 Nb8 19. Rad1 c6 20. Bb3 Rdd8 21. Bc1 Rg8
22. Be3 Nd7 23. a3 Bg6 24. Rd2 f5 25. Rfd1 Nf6 26. exf5 Bxf5 27. Bxf7 Rxd2 28.
Bxg8+ Kxg8 29. Rxd2 h5 30. Bg5 Kf7 31. Bxf6 Kxf6 32. Nf2 Kg5 33. Ne4+ Kg6 34.
Nd6 Be6 35. Ne4 Bf5 36. Re2 Bd8 37. Ng3 Bf6 38. Nxf5 Kxf5 39. Re4 Be7 40. h3 Bf6
41. g4+ hxg4 42. hxg4+ Kg5 43. c4 Bg7 44. cxb5 cxb5 45. Kg2 Bf6 46. Re2 Kf4 47.
Rc2 e4 48. fxe4 Kxe4 49. Kh3 Bg5 50. Rc6 Kf4 51. Rxa6 Bf6 52. Rxf6+ Kg5 53. Rb6
Kf4 54. Rxb5 Ke4 55. g5 Kf4 56. g6 Kf3 57. g7 Ke3 58. g8=Q Kf4 59. Qf7+ Ke4 60.
Rc5 Kd4 61. Qd7+ Ke4 62. a4 Kf4 63. a5 Ke4 64. a6 Kf4 65. a7 Ke4 66. a8=Q+ Kf4
67. Qf8+ Ke4 68. Qfe7+ Kf4 69. Qf5# {Black checkmated} 1-0

[Event "Team 45 45 League T47"]
[Site "Internet Chess Club"]
[Date "2010.11.23"]
[Round "3"]
[White "jefferyx"]
[Black "jjmolina"]
[Result "1-0"]
[WhiteElo "2013"]
[BlackElo "1693"]
[Opening "QGD Slav: Smyslov variation"]
[ECO "D16"]
[Time "11:00:12"]
[TimeControl "2700+45"]

1. d4 d5 2. c4 c6 3. Nc3 Nf6 4. Nf3 dxc4 5. a4 Na6 6. e4 Bg4 7. Bxc4 e6 8. Be3
Nb4 9. O-O Be7 10. h3 Bh5 11. Be2 O-O 12. Qb3 a5 13. Rfd1 Bg6 14. Nd2 Re8 15.
Bf3 Nd7 16. Nc4 Nb6 17. Ne5 Bd6 18. Rac1 Qf6 19. Nxg6 Qxg6 20. d5 c5 21. Nb5 c4
22. Qa3 exd5 23. Bxb6 Be7 24. Be3 Nd3 25. Qc3 Bf6 26. Qc2 Nxc1 27. Rxc1 dxe4 28.
Be2 c3 29. bxc3 Rec8 30. Qb3 Rc6 31. Bc4 Rd8 32. Bd5 Rcc8 33. Re1 Rd7 34. Bb6
Re8 35. c4 Bd8 36. Bxd8 Rdxd8 37. Qe3 Rc8 38. Qf4 Re7 39. Bxe4 Qf6 40. Qxf6 gxf6
41. Bxh7+ Kf8 42. Rxe7 Kxe7 43. Bd3 Rd8 44. Be4 Rd1+ 45. Kh2 b6 46. Nc3 Rc1 47.
Nd5+ Ke6 48. Nxb6 Kd6 49. Bd5 Rb1 50. Nc8+ Kc7 51. Na7 Ra1 52. c5 Rxa4 53. Nb5+
Kd8 54. Bxf7 Rb4 55. Nd6 a4 56. f3 a3 57. Ne4 Ke7 58. Bg8 Kf8 59. Bd5 Ke7 60. c6
Rb2 61. Nc3 Rc2 62. Nb5 a2 63. Bxa2 Rxa2 64. h4 Rb2 65. c7 Kd7 66. Nc3 Rc2 67.
Ne4 f5 68. Ng5 Rxc7 69. Kg3 Ke7 70. Nh3 Kf6 71. Nf4 Rd7 72. Kh3 Ke5 73. g3 Rc7
74. h5 Rc3 75. h6 Kf6 76. Nd5+ Kg6 77. Nxc3 Kxh6 78. f4 {Black resigns} 1-0

[Event "Team 45 45 League T47"]
[Site "Internet Chess Club"]
[Date "2010.11.21"]
[Round "3"]
[White "johnnyperez"]
[Black "irock"]
[Result "1/2-1/2"]
[WhiteElo "1617"]
[BlackElo "1756"]
[Opening "Sicilian: Grand Prix attack"]
[ECO "B21"]
[Time "10:05:36"]
[TimeControl "2700+45"]

1. e4 c5 2. f4 g6 3. Nc3 Bg7 4. Nf3 Nc6 5. d3 d6 6. Be2 Bd7 7. O-O Nf6 8. Rb1
Nd4 9. e5 dxe5 10. fxe5 Nxe2+ 11. Qxe2 Ng4 12. h3 Nh6 13. Ne4 Qc7 14. Nf6+ Kf8
15. Nxd7+ Qxd7 16. e6 Qd6 17. exf7 Nxf7 18. Ng5 Bf6 19. Ne6+ Kg8 20. Bf4 Be5 21.
Qg4 Bxf4 22. Rxf4 Ne5 23. Rbf1 h5 24. Rf8+ Rxf8 25. Rxf8+ Kh7 26. Ng5+ Kg7 27.
Ne6+ Kh7 28. Ng5+ Kg7 29. Ne6+ Kh7 30. Ng5+ {Game drawn by repetition} 1/2-1/2

[Event "Team 45 45 League T47"]
[Site "Internet Chess Club"]
[Date "2010.11.21"]
[Round "3"]
[White "Walker42"]
[Black "IceBox"]
[Result "0-1"]
[WhiteElo "1986"]
[BlackElo "1707"]
[Opening "Catalan opening"]
[ECO "E00"]
[Time "10:00:08"]
[TimeControl "2700+45"]

1. d4 e6 2. c4 Nf6 3. g3 Bb4+ 4. Nd2 O-O 5. a3 Be7 6. e4 d6 7. Bg2 e5 8. d5 Nbd7
9. Ne2 Nc5 10. Qc2 h6 11. O-O Nh7 12. b4 Nd7 13. Bb2 f5 14. exf5 Ndf6 15. Rac1
Qd7 16. Nc3 Qxf5 17. Nce4 Ng5 18. f4 Nh3+ 19. Bxh3 Qxh3 20. fxe5 Ng4 21. Nf3 Ne3
22. Qd3 Qg2# {White checkmated} 0-1